 Dungeon Crawl Stone Soup version 0.30.1-11-g7821555f0a (webtiles) character file.

Game seed: 10011843146775716085

526 booth the Cudgeller (level 7, -1/36 (42) HPs)
             Began as a Gargoyle Reaver on Oct 28, 2023.
             Slain by a steam dragon (5 damage)
             ... on level 5 of the Dungeon on Oct 29, 2023.
             The game lasted 00:19:26 (3382 turns).

booth the Cudgeller (Gargoyle Reaver)               Turns: 3382, Time: 00:19:27

HP:   -1/36 (42)    AC:  9    Str: 15    XL:     7   Next: 23%
MP:   11/12         EV: 12    Int: 14    God:
Gold: 198           SH:  0    Dex: 10    Spells: 6/12 levels left

rFire   . . .        g - +3 whip (elec)
rCold   . . .        (no shield)
rNeg    + . .        b - +0 leather armour
rPois   ∞            (no helmet)
rElec   +            h - +0 cloak
rCorr   .            p - +0 pair of gloves
SInv    .            (no boots)
Will    .....        (no amulet)
Stlth   +            (no ring)
HPRegen 0.26/turn    (no ring)
MPRegen 0.13/turn

%: no passive effects
@: flying, heavily drained
A: sickness immunity, AC +4, negative energy resistance 1, electricity
resistance, torment resistance 1, petrification resistance
a: no special abilities


You were on level 5 of the Dungeon.
You visited 2 branches of the dungeon, and saw 6 of its levels.

You collected 198 gold pieces.

Inventory:

Hand Weapons
 a - a +0 mace
 g - a +3 whip of electrocution (weapon)
Missiles
 r - a boomerang (quivered)
Armour
 b - a +0 leather armour (worn)
 h - a +0 cloak (worn)
 p - a +0 pair of gloves (worn)
Jewellery
 c - a ring of flight
Wands
 l - a wand of paralysis (7)
Scrolls
 j - 4 scrolls of teleportation
 k - a scroll of enchant weapon
 m - a scroll of amnesia {unknown}
 q - a scroll of noise {unknown}
Potions
 d - a potion of resistance
 e - 2 potions of berserk rage
 f - 4 potions of curing
 o - a potion of lignification


   Skills:
 + Level 3.9 Fighting
 * Level 5.1 Maces & Flails
 + Level 2.9 Dodging
 + Level 3.3 Spellcasting
 + Level 4.7 Conjurations


You had 6 spell levels left.
You knew the following spells:

 Your Spells              Type           Power      Damage    Failure   Level
a - Kiss of Death         Conj/Necr      32%        2d7       10%         1
b - Momentum Strike       Conj/Tloc      16%        3d8       14%         2
c - Hailstorm             Conj/Ice       8%         3d4       28%         3

Your spell library contained the following spells:

 Spells                   Type           Power      Damage    Failure   Level
 Frozen Ramparts          Ice            4%         1d1       58%         3
 Ice Form                 Ice/Tmut       2%         N/A       94%         4
 Summon Ice Beast         Ice/Summ       2%         N/A       94%         4


Dungeon Overview and Level Annotations

Branches:
Dungeon (5/15)             Temple (1/1) D:4

Altars:
Dithmenos
Elyvilon
Gozag
Hepliaklqana
Nemelex Xobeh
Okawaru
Ru
Sif Muna
Trog
Uskayaw
Wu Jian
Xom
Yredelemnul
Zin
The Shining One

Shops:
D:2 *

Annotations:
D:3 2 transporters, hawla's ghost, amateur DEFE


Innate Abilities, Weirdness & Mutations

You are immune to sickness and miasma.
Your stone body is resilient. (AC +4)
You are immune to poison.
You resist negative energy. (rN+)
You are resistant to electric shocks. (rElec)
You are resistant to unholy torment.
You are immune to petrification.


Message History

The steam dragon bites you but does no damage.
The steam dragon claws you but does no damage.
An iguana comes into view.
You barely miss the steam dragon.
The steam dragon is lightly wounded.
The iguana hisses angrily.
The steam dragon breathes steam at you. The ball of steam hits you!
* * * LOW HITPOINT WARNING * * *
You hit the steam dragon but do no damage.
The steam dragon is lightly wounded.
You are engulfed in a cloud of scalding steam.
You hit the steam dragon.
The steam dragon is moderately wounded.
You are engulfed in a cloud of scalding steam.
The steam dragon completely misses you. The steam dragon claws you.
* * * LOW HITPOINT WARNING * * *
It was a potion of magic.
Magic courses through your body.
You are engulfed in a cloud of scalding steam.
The steam dragon misses you. The steam dragon claws you.
* * * LOW HITPOINT WARNING * * *
It was a potion of flight.
You feel very buoyant.
You fly up into the air.
The steam dragon bites you.
* * * LOW HITPOINT WARNING * * *
The steam dragon claws you but does no damage.
Okay, then.
Cast which spell? (? or * to list)
Aiming: Kiss of Death (safe; 10% risk of failure)
Press: ? - help, Shift-Dir - straight line, f - steam dragon
Aim: a steam dragon (moderately wounded, 100% to hit)
The negative energy hits the steam dragon!
The steam dragon is drained!
The steam dragon is heavily wounded.
You feel drained. The steam dragon bites you.
* * * LOW HITPOINT WARNING * * *
The steam dragon closely misses you.
The steam dragon attacks as you move away!
The steam dragon bites you.
You die...

...#...
#..###...#
...#.#..
.......#.#
...#.#..[
......#.#
..###...# .
##..# # ##.#
... ##)#
.##..##..#
.....lD@.#
###.#..#.#
##....#
.......
........#
...........
..........###
##.........#


You could see a steam dragon (drained) and an iguana.

Vanquished Creatures
  Grinder (D:3)
  A centaur (D:5)
  A hound (D:4)
  A sleepcap (D:5)
  Jessica (D:3)
  Ijyb (D:3)
  5 adders
  2 ufetubi
  3 worms (D:2)
  3 dart slugs
  2 orcs
  8 bats
  4 endoplasms
  2 giant cockroaches
  9 goblins
  3 hobgoblins
  10 jackals
  11 kobolds
  5 quokkas
  11 ball pythons
  2 frilled lizards (D:1)
  5 rats
91 creatures vanquished.

Notes
Turn   | Place    | Note
-------+----------+-------------------------------------------
     0 | D:1      | booth the Gargoyle Reaver began the quest for the Orb.
     0 | D:1      | Reached XP level 1. HP: 12/12 MP: 3/3
   102 | D:1      | Reached XP level 2. HP: 18/18 MP: 5/5
   495 | D:1      | Reached XP level 3. HP: 20/22 MP: 6/6
   829 | D:1      | Learned a level 2 spell: Momentum Strike
   833 | D:1      | Learned a level 3 spell: Hailstorm
   925 | D:2      | Found Conliv's Assorted Antiques.
  1106 | D:2      | Reached XP level 4. HP: 22/27 MP: 7/7
  1936 | D:3      | Noticed Grinder
  1943 | D:3      | Killed Grinder
  1944 | D:3      | Reached skill level 4 in Maces & Flails
  1944 | D:3      | Reached XP level 5. HP: 28/32 MP: 7/9
  1944 | D:3      | Reached XP level 6. HP: 33/37 MP: 7/10
  1977 | D:3      | Noticed Ijyb
  1980 | D:3      | Paralysed by Ijyb for 4 turns
  1992 | D:3      | Killed Ijyb
  2045 | D:3      | Noticed hawla's ghost (amateur DEFE)
  2130 | D:3      | Found a transporter.
  2166 | D:3      | Noticed Jessica
  2174 | D:3      | Killed Jessica
  2328 | D:3      | Found a transporter.
  2603 | D:4      | Found a staircase to the Ecumenical Temple.
  2616 | Temple   | Entered the Ecumenical Temple
  2864 | D:4      | Identified the staff of conjuration "Qelan" {Str+2 Dex+3}
  3260 | D:5      | Entered Level 5 of the Dungeon
  3278 | D:5      | Reached skill level 5 in Maces & Flails
  3278 | D:5      | Reached XP level 7. HP: 36/42 MP: 11/11
  3351 | D:5      | Noticed a steam dragon
  3382 | D:5      | Slain by a steam dragon

Illustrated notes

Levels and vault maps discovered:
D:1:      amcnicky_arrival_gap_in_the_tavern_cellar, layout_basic,
          serial_rivers, chequers_serial_rivers_room_b,
          chequers_serial_rivers_micro_a, chequers_serial_rivers_room_b,
          chequers_serial_rivers_small_b, chequers_serial_rivers_micro_e,
          minmay_pentomino_w2
D:2:      layout_basic, serial_shops, shop, minmay_tiny_reverse_x
D:3:      layout_rooms, gammafunk_ghost_stat_death, uniq_jessica, uniq_grinder,
          uniq_ijyb
D:4:      layout_loops_cross, temple_green
D:5:      layout_loops_cross, palyth_stone_intersect
Temple:   nicolae_temple_bog_church

Skill      XL: |  1  2  3  4  5  6 |
---------------+-------------------+-----
Dodging        | 2 |  2.9
Fighting       | 3 |  3.9
Maces & Flails | 4 5 |  5.1
Conjurations   | 4 |  4.7
Spellcasting   | 3 |  3.3

Action                     |  1- 3 |  4- 6 |  7- 9 || total
---------------------------+-------+-------+-------++-------
  Melee: Mace              |    58 |       |       ||    58
         Punch             |     1 |     1 |       ||     2
         Whip              |    85 |   112 |    13 ||   210
   Cast: Kiss of Death     |     1 |       |     1 ||     2
    Use: Scroll            |     4 |     1 |       ||     5
         Potion            |     1 |     2 |     2 ||     5
 Armour: Leather armour    |    51 |    40 |     7 ||    98
  Dodge: Dodged            |    77 |    73 |     7 ||   157
